 Dungeon Crawl Stone Soup version 0.17-a0-1368-g6ab37f2 (webtiles) character file.

1120 bal the Archer (level 8, -3/67 HPs)
             Began as a Centaur Hunter on June 12, 2015.
             Was a Follower of Ru.
             Slain by a four-headed hydra (11 damage)
             ... on level 9 of the Dungeon.
             The game lasted 00:49:28 (6702 turns).

bal the Archer (Centaur Hunter)                     Turns: 6702, Time: 00:49:29

Health: -3/67      AC: 13    Str: 18    XL:     8   Next: 12%
Magic:  8/8        EV:  6    Int: 10    God:    Ru [*.....]
Gold:   318        SH:  0    Dex: 10    Spells: 1 memorised, 4 levels left

rFire  . . .     SeeInvis +     b - +4 quarterstaff (chaos)
rCold  + . .     Clarity  .     y - +1 chain mail {rC+}
rNeg   . . .     SustAt   .     (no shield)
rPois  .         Gourm    .     A - +2 hat {SInv}
rElec  .         Spirit   .     k - +1 cloak
rCorr  .         Warding  .     (no gloves)
rMut   .         Stasis   .     (no barding)
MR     .....                    (no amulet)
Stlth  ..........               (no ring)
                                (no ring)

@: very quick, not resistant to hostile enchantments, extremely unstealthy
A: hooves 3, deformed body, speed 2, tough skin 3, inexperienced 1
a: Renounce Religion


You were on level 9 of the Dungeon.
You worshipped Ru.
Ru was aware of your devotion.
You were not hungry.

You visited 1 branch of the dungeon, and saw 9 of its levels.
You also visited: Sewer.

You collected 318 gold pieces.

Inventory:

Hand weapons
 a - a +1 shortbow
 b - a +4 quarterstaff of chaos (weapon)
 c - a +1 whip of electrocution
 m - a +0 hammer of protection
 H - a +2 dagger of venom
Missiles
 g - 30 poisoned needles
 i - 33 arrows
 r - a tomahawk of returning (quivered)
 I - 18 bolts of penetration
Armour
 k - a +1 cloak (worn)
 u - a +1 cloak
 y - a +1 chain mail of cold resistance (worn)
 A - a +2 hat of see invisible (worn)
Jewellery
 t - an uncursed ring of see invisible
Magical devices
 f - a wand of cold (0)
 B - a wand of digging (3)
 C - a wand of teleportation (3)
 E - a wand of invisibility (4)
 G - a wand of confusion (0)
 J - a wand of draining (5)
 M - a wand of frost (23)
Scrolls
 d - 3 scrolls of remove curse
 l - 3 scrolls of teleportation
 s - 3 scrolls of identify
 x - a scroll of acquirement {unknown}
 F - a scroll of recharging
Potions
 h - a potion of mutation
 n - 3 potions of heal wounds
 v - 2 potions of flight
Books
 L - a book of Power

   Spells                             Type                      Level
   a - Fulminant Prism                Conjuration/Hexes            4
   b - Iskenderun's Mystic Blast      Conjuration                  4
   c - Venom Bolt                     Conjuration/Poison           5
   d - Bolt of Magma                  Conjuration/Fire/Earth       5
   e - Iron Shot                      Conjuration/Earth            6
   f - Orb of Destruction             Conjuration                  7
   g - Spellforged Servitor           Conjuration/Summoning        7
 N - a book of Clouds

   Spells                             Type                      Level
   a - Mephitic Cloud                 Conjuration/Poison/Air       3
   b - Conjure Flame                  Conjuration/Fire             3
   c - Poisonous Cloud                Conjuration/Poison/Air       6
   d - Freezing Cloud                 Conjuration/Ice/Air          6
   e - Ring of Flames                 Charms/Fire                  7
Comestibles
 e - 5 bread rations
 j - 5 beef jerkies
 o - 8 slices of pizza
 q - 7 fruits
 w - 2 meat rations
 z - a royal jelly
 D - a chunk of flesh


   Skills:
 + Level 4.8 Fighting
 + Level 4.5 Staves
 + Level 13.1 Bows
 + Level 3.1 Throwing
 + Level 3.8 Armour
 + Level 3.9 Dodging
 + Level 2.6 Stealth
 + Level 1.1 Unarmed Combat
 + Level 0.1 Conjurations
 + Level 1.2 Evocations


You had 4 spell levels left.
You knew the following spells:

 Your Spells              Type           Power        Failure   Level  Hunger
a - Mephitic Cloud        Conj/Pois/Air  #.......     100%        3    ####...


Dungeon Overview and Level Annotations

Branches:
Dungeon (9/15)                Orc (0/4) D:9
 Temple: D:4-7         Lair: D:8-11

Altars:
Ashenzari
Cheibriados
Dithmenos
Makhleb
Okawaru
Ru
Trog
The Shining One

Shops:
D:4 [

Annotations:
D:6 Sigmund


Innate Abilities, Weirdness & Mutations

You have hooves in place of feet.
Armour fits poorly on your strangely shaped body.
You cover ground very quickly.
You have extremely tough skin (AC +3).
You are somewhat inexperienced (-2 XL).


Message History

The four-headed hydra bites you!
The four-headed hydra bites you but does no damage.
You barely miss the four-headed hydra.
The four-headed hydra is heavily wounded.
The four-headed hydra barely misses you.
The four-headed hydra bites you. x2
The four-headed hydra bites you!
* * * LOW HITPOINT WARNING * * *
You completely miss the four-headed hydra.
The four-headed hydra is moderately wounded.
The four-headed hydra barely misses you.
The four-headed hydra bites you.
* * * LOW HITPOINT WARNING * * *
The four-headed hydra bites you but does no damage.
The four-headed hydra bites you.
* * * LOW HITPOINT WARNING * * *
Read which item? (? for menu, Esc to quit)
As you read the scroll of fog, it crumbles to dust.
The scroll dissolves into smoke.
The four-headed hydra bites you!
You die...

........................#...#....
........................#...#....
#.......................#...#..#+
#............######.....#####..#.
#...##########....#............'.
#...# .........#....#####...#.
+...# .....§.§.#....#...#...#.
#...# ......§§§#....#...#...#.
....# (.(>.(D@§#....#...#...#.
##### ((...§§§§#....#...#...#. #
........§'....#...#...'. #
.......#+#....#...#...#. ###
.......#......#...'...#. ....
.......#......#...#...#. ....#
.....###......#####...#. ....#
.....#................## ....#
#########..................


You could see a four-headed hydra.

Vanquished Creatures
  Pikel (D:8)
  The ghost of Hanyuu the Insei, an average OpTm (D:4)
  Eustachio (D:5)
  A human (D:7)
  5 yaks
  Duvessa (D:7)
  2 phantoms
  2 ogres
  A black bear (D:7)
  2 centaurs
  6 giant frogs
  A big kobold (Sewer)
  Dowan (D:7)
  4 scorpions
  2 crimson imps
  A giant frog zombie (D:5)
  2 jellies
  Crazy Yiuf (D:3)
  8 orc priests
  2 centaur skeletons
  A hound (D:9)
  A giant frog skeleton (D:7)
  6 orc wizards
  Terence (D:3)
  11 worker ants
  3 sheep (D:7)
  2 hound skeletons (D:4)
  A worker ant zombie (D:8)
  3 gnolls (D:5)
  7 adders
  2 river rats (Sewer)
  A worm (D:2)
  4 giant geckos
  17 orcs
  A ball python (D:1)
  13 bats
  A bat skeleton (D:4)
  5 giant cockroaches
  6 hobgoblins
  9 jackals
  11 kobolds
  2 quokkas
  5 giant newts
  9 goblins
  17 rats
184 creatures vanquished.

Vanquished Creatures (others)
  A slave (D:8)
  A crimson imp (D:8)
  An adder (D:8)
  4 orcs (D:8)
7 creatures vanquished.

Grand Total: 191 creatures vanquished

Notes
Turn   | Place    | Note
--------------------------------------------------------------
     0 | D:1      | bal the Centaur Hunter began the quest for the Orb.
     0 | D:1      | Reached XP level 1. HP: 17/17 MP: 1/1
   143 | D:1      | Reached XP level 2. HP: 22/24 MP: 2/2
   206 | D:1      | Reached skill level 6 in Bows
   837 | D:2      | Reached XP level 3. HP: 24/29 MP: 3/3
   922 | D:2      | You fall through a shaft!
  1036 | D:3      | Reached skill level 7 in Bows
  1070 | D:3      | Reached XP level 4. HP: 27/36 MP: 4/4
  1140 | D:3      | Noticed Terence
  1154 | D:3      | Killed Terence
  1203 | D:3      | Gained mutation: Your system is resistant to poisons. [potion of mutation]
  1203 | D:3      | Gained mutation: You are frail (-10% HP). [potion of mutation]
  1203 | D:3      | Gained mutation: You are clumsy. (Dex -2) [potion of mutation]
  1483 | D:3      | Reached skill level 8 in Bows
  1483 | D:3      | Reached XP level 5. HP: 36/36 MP: 5/5
  1749 | D:3      | Noticed Crazy Yiuf
  1751 | D:3      | Killed Crazy Yiuf
  1959 | D:4      | Reached XP level 6. HP: 39/43 MP: 6/6
  2036 | D:4      | Reached skill level 9 in Bows
  2083 | D:4      | Noticed Hanyuu's ghost (average OpTm)
  2104 | D:4      | Killed Hanyuu's ghost
  2104 | D:4      | Reached skill level 1 in Armour
  2104 | D:4      | Reached skill level 1 in Unarmed Combat
  2118 | D:4      | Lost mutation: You are clumsy. (Dex -2) [potion of cure mutation]
  2118 | D:4      | Lost mutation: You are frail (-10% HP). [potion of cure mutation]
  2118 | D:4      | Lost mutation: Your system is resistant to poisons. [potion of cure mutation]
  2174 | D:4      | Reached XP level 7. HP: 29/56 MP: 7/7
  2186 | D:4      | Reached skill level 10 in Bows
  2453 | D:4      | Reached skill level 1 in Stealth
  2560 | D:4      | Found Qanujae's Armour Shoppe.
  2816 | D:5      | Entered Level 5 of the Dungeon
  2820 | D:5      | Reached skill level 1 in Staves
  2850 | D:5      | Noticed Eustachio
  2856 | D:5      | Found a glowing golden altar of the Shining One.
  2957 | D:5      | Killed Eustachio
  3005 | D:5      | Reached XP level 8. HP: 25/63 MP: 8/8
  3326 | D:5      | Found a glowing drain.
  3331 | Sewer    | Entered a sewer
  3476 | Sewer    | Found a white marble altar of Elyvilon.
  3762 | D:6      | Noticed Sigmund
  3932 | D:7      | Reached skill level 11 in Bows
  4213 | D:7      | Noticed Duvessa
  4219 | D:7      | Noticed Dowan
  4219 | D:7      | Killed Duvessa
  4219 | D:7      | Reached XP level 9. HP: 65/72 MP: 9/9
  4232 | D:7      | Killed Dowan
  4256 | D:7      | Found an iron altar of Okawaru.
  4263 | D:7      | Found a sacrificial altar of Ru.
  4263 | D:7      | Found a bloodstained altar of Trog.
  4285 | D:7      | Found a burning altar of Makhleb.
  4291 | D:7      | Found a snail-covered altar of Cheibriados.
  4327 | D:7      | Became a worshipper of Ru the Awakened
  4995 | D:8      | Reached skill level 1 in Throwing
  5000 | D:8      | Reached skill level 12 in Bows
  5137 | D:8      | Found a shadowy altar of Dithmenos.
  5138 | D:8      | Noticed Pikel
  5165 | D:8      | Killed Pikel
  5165 | D:8      | Reached skill level 1 in Evocations
  5804 | D:9      | Found a shattered altar of Ashenzari.
  5920 | D:9      | Learned a level 3 spell: Mephitic Cloud
  6032 | D:9      | Reached XP level 10. HP: 74/80 MP: 10/10
  6412 | D:9      | Reached skill level 13 in Bows
  6526 | D:9      | Found a staircase to the Orcish Mines.
  6625 | D:9      | Gained mutation: You are somewhat inexperienced (-2 XL). [Ru sacrifice]
  6625 | D:9      | Reached XP level 9. HP: 71/73 MP: 7/9
  6625 | D:9      | Reached XP level 8. HP: 67/67 MP: 7/8
  6625 | D:9      | Acquired Ru's first power
  6689 | D:9      | Noticed a four-headed hydra
  6702 | D:9      | Slain by a four-headed hydra

Vault maps used:
D:1:      minmay_arrival_doors, minmay_rat_gold_closets
D:3:      minmay_misc_feat_diagonals, uniq_crazy_yiuf_cottage, uniq_terence
D:4:      serial_shops, nicolae_shop_competitors_out_of_business
D:5:      lemuel_doored_altar, gup_sewer_entry_bowl, first_bread, uniq_eustachio
D:6:      minmay_temple_entry_butterflies, uniq_sigmund
D:7:      minmay_overflow_temple_star_hex, grunt_livestock, uniq_duvessa
D:8:      grunt_dithmenos_shadows, uniq_pikel
D:9:      orc_0_dummy, nicolae_ashenzari_panopticon
Sewer:    sewer_kobolds

Action                   |  1- 3 |  4- 6 |  7- 9 | 10-12 || total
-------------------------+-------+-------+-------+-------++-------
Melee: Unarmed           |       |    14 |       |       ||    14
       Quarterstaff      |       |    21 |   273 |    43 ||   337
 Fire: Shortbow          |   124 |    87 |   189 |     5 ||   405
Throw: Tomahawk          |       |     2 |    19 |    16 ||    37
Invok: Sacrifice Experie |       |       |     1 |       ||     1
Evoke: Wand              |       |     2 |    12 |       ||    14
  Use: Potion            |       |     9 |     8 |     2 ||    19
       Scroll            |       |    10 |     7 |     5 ||    22
 Stab: Paralysed         |       |     2 |     6 |       ||     8
       Petrifying        |       |       |     1 |       ||     1
       Petrified         |       |       |     1 |       ||     1
       Invisible         |       |       |     1 |       ||     1
  Eat: Bread ration      |       |     1 |     2 |       ||     3
       Chunk             |       |       |       |     1 ||     1
